 Dungeon Sprint DCSS version 0.27.1-34-g3ba077fa99 (webtiles) character file.

Game seed: 5482665507480656758

2779 chmiii the Bludgeoner (level 9, -4/102 HPs)
             Began as a Troll Hunter on Jan 30, 2022.
             Was the Champion of Jiyva.
             Slain by a demonic crawler (6 damage)
             ... in the Dungeon (Sprint I: "Red Sonja").
             The game lasted 00:11:04 (516 turns).

chmiii the Bludgeoner (Troll Hunter)                 Turns: 516, Time: 00:11:05

Health: -4/102     AC:  6    Str: 21    XL:     9   Next: 42%
Magic:  3/8        EV: 11    Int:  5    God:    Jiyva [******]
Gold:   377        SH:  0    Dex: 16    Spells: 8/8 levels left

rFire    . . .     SeeInvis .   a - +0 giant club
rCold    . . .     Faith    .   (shield currently unavailable)
rNeg     . . .     Spirit   .   j - +1 robe {Archmagi}
rPois    .         Reflect  .   (helmet restricted)
rElec    .         Harm     .   (no cloak)
rCorr    +         Rampage  .   (gloves unavailable)
Will     .....     Archmagi +   (boots unavailable) Stlth ++........NoTele +
                                (no amulet)
HPRegen  1.27/turn              (no ring)
MPRegen  0.11/turn              (no ring)

@: slimy
A: large, unfitting armour, claws 3, regeneration 1, shaggy fur 1, tough skin 1,
horns 1, gelatinous body 1, jelly absorbing missiles, engulf
a: Renounce Religion, Request Jelly, Slimify, Cure Bad Mutation


You were in the Dungeon.
You worshipped Jiyva.
Jiyva was exalted by your worship.
You visited 1 branch You collected 482 gold pieces.
You spent 105 gold pieces at shops.

Inventory:

Hand Weapons
 a - a +0 giant club (weapon)
Missiles
 c - 4 large rocks (quivered)
 d - 2 throwing nets
Armour
 b - a +0 robe
 j - a +1 robe of the Archmagi (worn)
Scrolls
 e - a scroll of amnesia {unknown}
Potions
 f - a potion of heal wounds
 g - a potion of haste
 h - 2 potions of magic
 i - a potion of berserk rage


   Skills:
 + Level 10.8 Fighting
 * Level 15.5 Maces & Flails
 - Level 3.6 Throwing
 - Level 1.5 Dodging
 - Level 0.3 Stealth


You had 8 spell levels left.
You didn't know any spells.
Your spell library was empty.

Dungeon Overview and Level Annotations

Branches:
Dungeon (1/1)

Altars:
Cheibriados
Dithmenos
Elyvilon
Fedhas
Gozag
Hepliaklqana
Kikubaaqudgha
Makhleb
Nemelex Xobeh
Okawaru
Qazlal
Ru
Sif Muna
Trog
Uskayaw
Vehumet
Wu Jian
Xom
Yredelemnul
Zin
The Shining One
Jiyva
Lugonu

Shops:
D ??!*=!!*([[*[!!*(!([[

Annotations:
D Sonja


Innate Abilities, Weirdness & Mutations

You are too large for most types of armour.
You have claws for hands.
Your natural rate of healing is unusually fast.
You are covered in fur. (AC +1)
You have tough skin. (AC +1)
You have a pair of small horns on your head.
Your rubbery body absorbs attacks. (AC +1, EV +1)
You have a small jelly attached to you that may absorb incoming projectiles.
Your melee attacks may engulf your foes in ooze.


Message History

The demonic crawler is lightly wounded.
The demonic crawler hits you but does no damage. x2
The demonic crawler hits you.
You sock the demonic crawler!
The demonic crawler is moderately wounded.
The demonic crawler barely misses you. The demonic crawler hits you!
The demonic crawler hits you.
The demonic crawler completely misses you.
The demonic crawler barely misses you. The demonic crawler hits you.
A thick mucus forms on your +0 giant club.
The kobold demonologist mumbles some strange words.
The demonic crawler hits you.
* * * LOW HITPOINT WARNING * * *
The demonic crawler hits you.
* * * LOW HITPOINT WARNING * * *
The demonic crawler hits you!
* * * LOW HITPOINT WARNING * * *
You are too injured to fight recklessly!
The demonic crawler hits you but does no damage.
The demonic crawler hits you.
* * * LOW HITPOINT WARNING * * *
The demonic crawler barely misses you. The demonic crawler closely misses you.
The demonic crawler hits you.
* * * LOW HITPOINT WARNING * * *
The demonic crawler hits you!
* * * LOW HITPOINT WARNING * * *
There is an open door here.
The kobold demonologist looks braver for a moment.
The kobold demonologist looks braver for a moment.
The demonic crawler hits you.
* * * LOW HITPOINT WARNING * * *
The demonic crawler barely misses you. The demonic crawler misses you.
You hit the demonic crawler. You headbutt the demonic crawler!
The demonic crawler is heavily wounded.
The demonic crawler misses you. The demonic crawler closely misses you.
The demonic crawler hits you.
* * * LOW HITPOINT WARNING * * *
The jelly hits the demonic crawler but does no damage.
The demonic crawler hits you.
You die...

###################
#J.#5.'..#..+..#_s#
#.ssK.#..'..#..Gs5K
#.@#####'#####'#4_#
#..####..#.. #.####
#..#__####..##.#§§§
#..#_____##'#_..§§§
#⌠⌠#_.∩J..'..._#≈§≈
####_..__##_.#'##'#
#_____###'#.#...
############.####'#
#∩.................


You could see 2 demonic crawlers, a kobold demonologist, a quasit (summoned) and
a neutral jelly (wandering) (fellow slime).

Vanquished Creatures
  A centaur warrior (D)
  A deep troll (D)
  An oklob plant (D)
  A hornet (D)
  An unseen horror (D)
  A demonic crawler (D)
  A kobold demonologist (D)
  A slime creature (D)
  A redback (D)
  A yak (D)
  Sigmund (D)
  An ogre (D)
  Ijyb (D)
13 creatures vanquished.

Vanquished Creatures (others)
  4 shining eyes (D)
  An unseen horror (D)
  A slime creature (D)
  2 hornets (D)
  A redback (D)
  6 floating eyes (D)
  7 necrophages (D)
  21 jellies (D)
  2 ballistomycete spores (D)
45 creatures vanquished.

Grand Total: 58 creatures vanquished

Notes
Turn   | Place    | Note
-------+----------+-------------------------------------------
     0 | D        | chmiii the Troll Hunter began the quest for the Orb.
     0 | D        | Reached XP level 1. HP: 19/19 MP: 0/0
     2 | D        | Noticed Ijyb
     4 | D        | Killed Ijyb
     5 | D        | Reached skill level 4 in Maces & Flails
     5 | D        | Reached XP level 2. HP: 31/31 MP: 1/1
    10 | D        | Noticed an ogre
    15 | D        | Killed an ogre
    16 | D        | Reached skill level 6 in Maces & Flails
    16 | D        | Reached XP level 3. HP: 40/40 MP: 2/2
    16 | D        | Reached XP level 4. HP: 49/49 MP: 3/3
    37 | D        | Noticed Sigmund
    85 | D        | Killed Sigmund
    86 | D        | Reached skill level 9 in Maces & Flails
    86 | D        | Reached XP level 5. HP: 34/59 MP: 4/4
   111 | D        | Found a burning altar of Makhleb.
   111 | D        | Found a viscous altar of Jiyva.
   111 | D        | Found a shimmering altar of Xom.
   111 | D        | Found a corrupted altar of Lugonu.
   111 | D        | Noticed a slime creature
   114 | D        | Killed a slime creature
   115 | D        | Reached skill level 10 in Maces & Flails
   115 | D        | Reached XP level 6. HP: 51/71 MP: 5/5
   133 | D        | Became a worshipper of Jiyva Jukig the Shapeless
   136 | D        | Found an ornate altar of the Wu Jian Council.
   136 | D        | Found a shimmering blue altar of Sif Muna.
   136 | D        | Reached * piety under Jiyva
   138 | D        | Found a radiant altar of Vehumet.
   140 | D        | Noticed a centaur warrior
   145 | D        | Found Agexisir's General Store.
   145 | D        | Found an ancient bone altar of Kikubaaqudgha.
   145 | D        | Found a hazy altar of Hepliaklqana.
   145 | D        | Found a stormy altar of Qazlal.
   145 | D        | Found a hide-covered altar of Uskayaw.
   145 | D        | Found a blossoming altar of Fedhas.
   145 | D        | Found a bloodstained altar of Trog.
   145 | D        | Found an iron altar of Okawaru.
   145 | D        | Found a basalt altar of Yredelemnul.
   145 | D        | Found a glowing golden altar of the Shining One.
   145 | D        | Found a snail-covered altar of Cheibriados.
   145 | D        | Found a sacrificial altar of Ru.
   145 | D        | Found a glowing silver altar of Zin.
   145 | D        | Found a shadowy altar of Dithmenos.
   145 | D        | Found a white marble altar of Elyvilon.
   145 | D        | Noticed a yak
   146 | D        | Reached ** piety under Jiyva
   149 | D        | Killed a yak
   150 | D        | Reached skill level 11 in Maces & Flails
   150 | D        | Reached XP level 7. HP: 70/79 MP: 6/6
   150 | D        | Noticed a centaur warrior
   150 | D        | Found an opulent altar of Gozag.
   151 | D        | Found a sparkling altar of Nemelex Xobeh.
   153 | D        | Reached *** piety under Jiyva
   153 | D        | Gained mutation: Your skin changes colour to match your
                  | surroundings (Stealth+). [Jiyva's grace]
   156 | D        | Reached **** piety under Jiyva
   156 | D        | Gained mutation: You have sharp toenails. [Jiyva's grace]
   156 | D        | Reached ***** piety under Jiyva
   156 | D        | Lost mutation: You have sharp toenails. [Jiyva's grace]
   162 | D        | Noticed Sonja
   164 | D        | Gained mutation: You possess an exceptional clarity of
                  | mind. [Jiyva's grace]
   164 | D        | Reached ****** piety under Jiyva
   164 | D        | Gained mutation: Your muscles are strong. (Str +2) [Jiyva's
                  | grace]
   170 | D        | Killed a shining eye
   180 | D        | Slimified a centaur warrior
   180 | D        | Noticed a slime creature
   180 | D        | a centaur warrior changed into a slime creature
   180 | D        | Gained mutation: You are clumsy. (Dex -2) [Jiyva's grace]
   181 | D        | Noticed a hornet
   181 | D        | Killed an unseen horror
   183 | D        | Gained mutation: Your body has grown golden eyes which may
                  | confuse attackers. (Acc +3) [Jiyva's grace]
   186 | D        | Killed a slime creature
   188 | D        | Killed a hornet
   188 | D        | Lost mutation: You are clumsy. (Dex -2) [Jiyva's grace]
   189 | D        | Reached skill level 12 in Maces & Flails
   189 | D        | Killed a redback
   191 | D        | Gained mutation: Your melee attacks may engulf your foes in
                  | ooze. [Jiyva's grace]
   198 | D        | Lost mutation: Your body has grown golden eyes which may
                  | confuse attackers. (Acc +3) [Jiyva's grace]
   201 | D        | Killed a centaur warrior
   202 | D        | Reached skill level 13 in Maces & Flails
   202 | D        | Reached XP level 8. HP: 92/92 MP: 7/7
   202 | D        | Gained mutation: You have acidic saliva. [Jiyva's grace]
   205 | D        | Noticed an oklob plant
   207 | D        | Killed a shining eye
   209 | D        | Killed an oklob plant
   209 | D        | Lost mutation: Your muscles are strong. (Str +2) [Jiyva's
                  | grace]
   225 | D        | Killed a shining eye
   244 | D        | Found Xemmuynu's Distillery.
   245 | D        | Found Zidesoapli's Antique Weapon Emporium.
   246 | D        | Found Wayresa's Armour Emporium.
   251 | D        | Found Yxoorom's General Store.
   251 | D        | Found Ygygrit's Distillery.
   251 | D        | Found Wesk's Weapon Boutique.
   253 | D        | Found Kair's Armour Emporium.
   253 | D        | Found Gaamna's Antique Armour Shop.
   253 | D        | Found Hoyddaxt's Assorted Antiques.
   253 | D        | Found Vyphio's Armour Boutique.
   253 | D        | Found Ynint's Distillery.
   253 | D        | Found Meos's Distillery.
   253 | D        | Found Qoerar's Assorted Antiques.
   260 | D        | Reached skill level 14 in Maces & Flails
   261 | D        | Lost mutation: You possess an exceptional clarity of mind.
                  | [Jiyva's grace]
   263 | D        | Killed an unseen horror
   266 | D        | Gained mutation: Your rubbery body absorbs attacks. (AC +1,
                  | EV +1) [Jiyva's grace]
   268 | D        | Found Zatuxt's Weapon Boutique.
   330 | D        | Noticed a deep troll
   332 | D        | Killed a deep troll
   333 | D        | Reached skill level 10 in Fighting
   333 | D        | Reached XP level 9. HP: 102/102 MP: 8/8
   336 | D        | Gained mutation: You have a pair of small horns on your
                  | head. [Jiyva's grace]
   340 | D        | Found Anwaniaw's Armour Emporium.
   344 | D        | Gained mutation: You have a small jelly attached to you
                  | that may absorb incoming projectiles. [Jiyva's grace]
   358 | D        | Found Weothoz's Magic Scroll Boutique.
   359 | D        | Noticed a shining eye
   359 | D        | Noticed a shining eye
   359 | D        | Noticed a shining eye
   359 | D        | Noticed a shining eye
   363 | D        | Noticed a shining eye
   364 | D        | Lost mutation: You have acidic saliva. [Jiyva's grace]
   373 | D        | Found Petaockea's Distillery.
   373 | D        | Found Zuoshoize's Distillery.
   375 | D        | Found Rulesemn's Jewellery Shop.
   375 | D        | Gained mutation: You passively dampen the noise of your
                  | surroundings. [Jiyva's grace]
   376 | D        | Found Hulaib's Magic Scroll Shoppe.
   377 | D        | Lost mutation: Your skin changes colour to match your
                  | surroundings (Stealth+). [Jiyva's grace]
   394 | D        | Killed a shining eye
   405 | D        | Bought a scroll of blinking for 105 gold pieces
   420 | D        | Noticed a demonic crawler
   431 | D        | Killed a demonic crawler
   431 | D        | Lost mutation: You passively dampen the noise of your
                  | surroundings. [Jiyva's grace]
   432 | D        | Reached skill level 15 in Maces & Flails
   440 | D        | Noticed a kobold demonologist
   446 | D        | Noticed a kobold demonologist
   446 | D        | Noticed a demonic crawler
   446 | D        | Noticed a demonic crawler
   450 | D        | Killed a kobold demonologist
   454 | D        | Noticed a rust devil
   458 | D        | HP: 3/102 [demonic crawler (11)]
   515 | D        | HP: 5/102 [demonic crawler (6)]
   516 | D        | HP: 2/102 [demonic crawler (4)]
   516 | D        | Slain by a demonic crawler

Illustrated notes

Levels and vault maps discovered:
D:        dungeon_sprint_1 [red_sonja_temple_1, red_sonja_temple_small_1]

Skill      XL: |  1  2  3  4  5  6  7  8  9 |
---------------+----------------------------+-----
Fighting       | 3 4 6 7 9 10 | 10.8
Maces & Flails | 4 6 9 10 11 13 14 15 | 15.5
Throwing       | |  3.6
Dodging        | |  1.5
Stealth        | |  0.3

Action                   |  1- 3 |  4- 6 |  7- 9 || total
-------------------------+-------+-------+-------++-------
Melee: Short sword       |     1 |       |       ||     1
       Giant club        |       |    12 |    40 ||    52
       Unarmed           |       |     4 |       ||     4
       Bite              |       |       |     2 ||     2
       Headbutt          |       |       |     7 ||     7
Throw: Large rock        |     4 |     2 |     2 ||     8
Invok: Slimify           |       |       |     2 ||     2
       Request Jelly     |       |       |     1 ||     1
  Use: Scroll            |     1 |       |     1 ||     2
       Potion            |       |       |     1 ||     1
 Stab: Distracted        |       |       |     1 ||     1
       Sleeping          |       |       |     1 ||     1
Armor: Robe              |       |     1 |    25 ||    26
Dodge: Dodged            |     1 |     7 |    29 ||    37
